 Dungeon Crawl Stone Soup version 0.25-a0-413-g3b4b6a4ccc (webtiles) character file.

Game seed: 16790300574131332239, levelgen mode: deterministic

469 HammerPanzer the Slasher (level 6, -1/51 HPs)
             Began as a Draconian Berserker on Jan 16, 2020.
             Was a Priest of Trog.
             Killed from afar by an orc wizard (6 damage)
             ... with a magic dart
             ... on level 4 of the Dungeon.
             The game lasted 00:10:50 (4452 turns).

HammerPanzer the Slasher (Draconian Berserker)      Turns: 4452, Time: 00:10:50

Health: -1/51      AC:  7    Str: 21    XL:     6   Next: 82%
Magic:  6/6        EV: 14    Int:  7    God:    Trog [***...]
Gold:   229        SH:  0    Dex: 11    Spells: 5/5 levels left

rFire    . . .     SeeInvis .   a - +0 falchion
rCold    . . .     Gourm    .   (no shield)
rNeg     . . .     Faith    .   (armour unavailable)
rPois    .         Spirit   .   (helmet restricted)
rElec    .         Reflect  .   (no cloak)
rCorr    .         Harm     .   i - +0 pair of gloves
MR       .....                  (no boots)
Stlth    ++........             (no amulet)
HPRegen  0.17/turn              c - ring of stealth
MPRegen  0.10/turn              (no ring)

@: confused, berserk cooldown, slowed, very slow
A: unfitting armour, cold-blooded, AC +6
a: Berserk, Trog's Hand, Renounce Religion


You were on level 4 of the Dungeon.
You worshipped Trog.
Trog was most pleased with you.
You were very hungry.

You visited 1 branch of the dungeon, and saw 4 of its levels.

You collected 229 gold pieces.

Inventory:

Hand Weapons
 a - a +0 falchion (weapon)
Missiles
 e - 117 stones (quivered)
Armour
 i - a +0 pair of gloves (worn)
 q - the cursed -4 cloak of the Stallion {rPois rC+, unknown}
   (You found it on level 4 of the Dungeon)

   It protects you from cold.
   It protects you from poison.
   It has a curse placed upon it.
Jewellery
 c - a ring of stealth (left hand)
Wands
 o - a wand of clouds (8)
Scrolls
 d - a scroll of teleportation
 g - 2 scrolls of identify
 h - 2 scrolls of fear
 n - 2 scrolls of remove curse
 r - a scroll of amnesia {unknown}
Potions
 f - a potion of berserk rage {unknown}
 j - a potion of brilliance
 k - 4 potions of might
 m - a potion of flight
 p - 2 potions of mutation
Comestibles
 b - 10 rations
 l - 5 chunks of flesh


   Skills:
 - Level 3.2 Fighting
 * Level 6.6 Long Blades
 + Level 4.6 Dodging


You had 5 spell levels left.
You didn't know any spells.
Your spell library was empty.

Dungeon Overview and Level Annotations

Branches:
Dungeon (4/15)
 Temple: D:4-7

Altars:
Sif Muna


Innate Abilities, Weirdness & Mutations

Your plain brown scales are hard. (AC +6)
You cannot fit into any form of body armour.
You are cold-blooded and may be slowed by cold attacks.


Message History

Items here: $ ) = [ † a cursed -1 rapier; a +0 robe; an uncursed ring of see invisible 14 gold pieces; an orc corpse You bump into the rock wall.
Something barely misses you.
You bump into the rock wall.
Something hits you.
* * * LOW HITPOINT WARNING * * *
Something hits you but does no damage.
You completely miss something.
You feel less confused.
You hear some strange, mumbled words.
You are confused.
You closely miss something. Something hits you.
* * * LOW HITPOINT WARNING * * *
Something hits you.
* * * LOW HITPOINT WARNING * * *
You miss something. You tail-slap something.
You hear some strange, mumbled words.
A magic dart appears from out of thin air!
The magic dart hits you.
You die...

...# ##....##.............#
....##...........##..##..###
.............÷.......####...#
##.)........o................#
...##.......o.........#.###..#
............#####.....##......
#..........## #.......#...#...
#..........####..........##...
..#...#......).@).......##......
...............{....#...##......
.....##......(###...#.......##.#
#....###....#..###.....##.......
#...........#...#.##...##.......
##......(.............#..#(...###
......#...>.#......#..#.##...####
#....(#(....##....#####....<..#..
#.....#.....##....###.#..####....


There were no monsters in sight!

Vanquished Creatures
  A scorpion (D:4)
  A howler monkey (D:4)
  An orc priest (D:4)
  A bullfrog skeleton (D:3)
  3 orc wizards
  2 worker ants
  6 adders
  An ooze (D:1)
  An adder skeleton (D:4)
  2 worms (D:4)
  3 dart slugs
  3 leopard geckos
  13 orcs
  A ball python (D:2)
  7 bats
  6 giant cockroaches
  18 goblins
  6 hobgoblins
  12 jackals
  A quokka (D:3)
  5 frilled lizards
  9 kobolds
  6 rats
109 creatures vanquished.

Notes
Turn   | Place    | Note
-------+----------+-------------------------------------------
     0 | D:1      | HammerPanzer the Draconian Berserker began the quest for
                  | the Orb.
     0 | D:1      | Reached XP level 1. HP: 19/19 MP: 1/1
   192 | D:1      | Reached XP level 2. HP: 24/26 MP: 2/2
   514 | D:1      | Reached ** piety under Trog
   824 | D:2      | Reached skill level 4 in Long Blades
   824 | D:2      | Reached XP level 3. HP: 25/31 MP: 3/3
  1322 | D:2      | Found a shimmering blue altar of Sif Muna.
  1414 | D:2      | Reached XP level 4. HP: 34/38 MP: 4/4
  2527 | D:3      | Reached *** piety under Trog
  2627 | D:3      | Reached skill level 5 in Long Blades
  2736 | D:3      | Reached XP level 5. HP: 45/45 MP: 5/5
  3676 | D:4      | Reached XP level 6. HP: 25/51 MP: 6/6
  3881 | D:4      | Reached skill level 6 in Long Blades
  3955 | D:4      | Got a warped cloak
  4452 | D:4      | Killed from afar by an orc wizard

Levels and vault maps discovered:
D:1:      dpeg_arrival_signposts, layout_rooms
D:2:      cheibrodos_greedy_goblins, layout_loops_corners, old_standard_altar,
          serial_forest, infiniplex_forest_clump_double,
          infiniplex_forest_clump_small, infiniplex_forest_lined_ring,
          infiniplex_forest_clump_tiny, infiniplex_forest_lined_3_way,
          infiniplex_forest_lined_2
D:3:      layout_loops_ring
D:4:      layout_cave_pools, nicolae_qazlal_style_of_elements,
          gammafunk_temple_overflow_forgotten

Skill      XL: |  1  2  3  4  5  6 |
---------------+-------------------+-----
Dodging        | 3 4 |  4.6
Long Blades    | 4 5 6 |  6.6
Fighting       | |  3.2

Action                   |  1- 3 |  4- 6 || total
-------------------------+-------+-------++-------
Melee: Falchion          |   115 |   233 ||   348
       Tailslap          |     9 |    36 ||    45
Throw: Stone             |     8 |       ||     8
Invok: Berserk           |       |     4 ||     4
  Use: Scroll            |       |     8 ||     8
 Stab: Sleeping          |       |     2 ||     2
       Distracted        |       |     1 ||     1
  Eat: Chunk             |     2 |    12 ||    14
Armor: Skin              |    33 |    65 ||    98
Dodge: Dodged            |    94 |   156 ||   250
       Rpst.: Falchion   |    32 |    52 ||    84

Table legend:
 A = Non-vault XP
 B = Vault XP
 C = Vault XP percentage of total XP
 D = Non-vault monster count
 E = Vault monster count
 F = Vault count percentage of total count
                 A         B        C        D         E       F
            +---------+---------+-------+---------+---------+-------
      Total |     650 |      21 |   3.1 |      98 |      11 |  10.1
            +---------+---------+-------+---------+---------+-------
        D:1 |      40 |       0 |   0.0 |      23 |       0 |   0.0
        D:2 |      55 |      21 |  27.6 |      18 |      11 |  37.9
        D:3 |     236 |       0 |   0.0 |      34 |       0 |   0.0
        D:4 |     319 |       0 |   0.0 |      23 |       0 |   0.0
            +---------+---------+-------+---------+---------+-------
